 Dungeon Crawl Stone Soup version 0.29-a0-575-g0dc89cf053 (webtiles) character file.

Game seed: 14192221498979246919

1087 croobank the Covert (level 8, -4/100 HPs)
             Began as a Gnoll Delver on June 12, 2022.
             Slain by a gnoll shaman
             ... wielding a +0 whip
              (7 damage)
             ... on level 6 of the Dungeon.
             The game lasted 00:19:25 (4844 turns).

croobank the Covert (Gnoll Delver)                  Turns: 4844, Time: 00:19:27

Health: -4/100     AC: 24    Str: 12    XL:     8   Next: 30%
Magic:  12/12      EV:  2    Int: 11    God:
Gold:   185        SH:  5    Dex: 14    Spells: 13/13 levels left

rFire   . . .      SeeInvis +   s - +8 mithril axe "Arga" {speed, Will+}
rCold   . . .      Faith    .   y - +0 buckler
rNeg    . . .      Spirit   .   (body armour currently unavailable)
rPois   +          Reflect  .   (helmet currently unavailable)
rElec   .          Harm     .   (cloak currently unavailable)
rCorr   .          Rampage  .   (gloves currently unavailable)
Will    +....      NoTele   +   (boots currently unavailable)
Stlth   ++........              (no amulet)
HPRegen 0.26/turn               n - ring of see invisible
MPRegen 0.13/turn               (no ring)

@: lit by a corona, tree-form, glowing, invisible (but backlit and visible)
A: stationary, stasis, torment immunity, boosted hp, (fangs 1), strong nose,
distributed training
a: no special abilities


You were on level 6 of the Dungeon.
You were a tree.
You visited 1 branch of the dungeon, and saw 6 of its levels.

You collected 185 gold pieces.

Inventory:

Hand Weapons
 a - a +0 war axe of flaming
 b - a +0 hunting sling
 e - a +0 dire flail of protection
 h - a +0 hand axe
 j - a +0 trident
 q - a +0 scythe
 r - a +1 short sword of electrocution
 s - the +8 mithril axe "Arga" (weapon) {speed, Will+}
   (You acquired it on level 6 of the Dungeon)

   Attacks with this weapon are significantly faster.
   Will:      It increases your willpower.
 t - a +2 dagger of freezing
 u - a +2 dagger of pain
 A - a +0 hand crossbow
 I - the +8 falchion "Bamaofas" {freeze, rElec rCorr Dex-5 Stlth+}
   (You found it on level 5 of the Dungeon)

   It freezes those it strikes, dealing additional cold damage.
   It can also slow down cold-blooded creatures.
   Dex:       It affects your dexterity (-5).
   rElec:     It insulates you from electricity.
   rCorr:     It protects you from acid and corrosion.
   Stlth:     It makes you more stealthy.
Missiles
 o - 107 stones (quivered)
 G - 4 curare-tipped darts
Armour
 f - a +0 leather armour (melded)
 p - a +2 cloak of preservation (melded)
 x - a +0 helmet (melded)
 y - a +0 buckler (worn)
 B - a +0 chain mail
Jewellery
 n - a ring of see invisible (left branch)
Wands
 g - a wand of digging (3)
 H - a wand of iceblast (7)
Scrolls
 c - 3 scrolls of fog
 i - 3 scrolls of teleportation
 v - 2 scrolls of magic mapping
 D - a scroll of immolation {unknown}
 F - a scroll of amnesia
Potions
 d - a potion of attraction
 k - a potion of ambrosia
 l - 2 potions of mutation
 m - a potion of degeneration


   Skills:
 + Level 7.3 Fighting
 + Level 3.1 Short Blades
 + Level 3.1 Long Blades
 + Level 5.6 Axes
 + Level 3.1 Maces & Flails
 + Level 3.1 Polearms
 + Level 3.1 Staves
 + Level 3.1 Slings
 + Level 3.1 Bows
 + Level 3.1 Crossbows
 + Level 3.1 Throwing
 + Level 3.1 Armour
 + Level 5.6 Dodging
 + Level 10.1 Stealth
 + Level 3.1 Shields
 + Level 3.1 Unarmed Combat
 + Level 3.1 Spellcasting
 + Level 2.5 Conjurations
 + Level 2.5 Hexes
 + Level 2.5 Summonings
 + Level 2.5 Necromancy
 + Level 2.5 Translocations
 + Level 2.5 Transmutations
 + Level 2.5 Fire Magic
 + Level 2.5 Ice Magic
 + Level 2.5 Air Magic
 + Level 2.5 Earth Magic
 + Level 2.5 Poison Magic
 + Level 3.4 Invocations
 + Level 3.1 Evocations


You had 13 spell levels left.
You didn't know any spells.
Your spell library was empty.

Dungeon Overview and Level Annotations

Branches:
Dungeon (6/15)
 Temple: D:4-7

Altars:
Okawaru
Ru
Sif Muna
Trog
Uskayaw


Innate Abilities, Weirdness & Mutations

You are a tree.
Your roots penetrate the ground, keeping you stationary.
You cannot be teleported.
You are immune to unholy pain and torment.
Your maximum health is greatly increased.
Your equipment is partially melded.
((You have very sharp teeth.))
Your uncanny sense of smell can sniff out nearby items.
Your experience applies equally to all skills.


Message History

As you read the scroll of poison, it crumbles to dust.
The gnoll hits you but does no damage. You block the gnoll shaman's attack.
You block the gnoll's attack.
You slash the gnoll shaman! You freeze the gnoll shaman.
The gnoll shaman is severely wounded.
The gnoll hits you but does no damage. x2; You block the gnoll shaman's attack.
You barely miss the gnoll shaman.
The gnoll shaman is severely wounded.
The gnoll hits you but does no damage. You block the gnoll's attack.
The gnoll shaman calls upon its god to speed up the gnoll.
The gnoll seems to speed up.
Okay, then.
You hit the gnoll. You freeze the gnoll.
The gnoll is heavily wounded.
The gnoll hits you with a +0 flail!
* * * LOW HITPOINT WARNING * * *
The gnoll hits you from afar with a +1 vorpal halberd.
* * * LOW HITPOINT WARNING * * *
x2 The gnoll shaman mumbles some strange prayers to its god.
The gnoll shaman is healed somewhat.
The gnoll hits you but does no damage.
Okay, then.
You don't know any spells.
You are too injured to fight recklessly!
Okay, then.
Okay, then.
This is a scroll of acquirement!
Something appears at your feet! You block the gnoll's attack.
The gnoll hits you but does no damage.
The gnoll shaman calls upon its god to speed up the gnoll.
The gnoll seems to speed up.
The kobold is engulfed in poison gas.
The kobold is poisoned.
You kill the kobold!
The +8 falchion "Bamaofas" {freeze, rElec rCorr Dex-5 Stlth+} stops glowing.
Your branches tingle!
s - the +8 mithril axe "Arga" (weapon)
{speed, Will+} The gnoll hits you but does no damage.
The gnoll hits you from afar with a +1 vorpal halberd.
* * * LOW HITPOINT WARNING * * *
x2 The gnoll shaman hits you with a +0 whip!
You die...

##### ...#
#§##########
#§§§§g♣§§§§#
#§§§§g####§# #§§§☼g#
#§§8§§###.. #.
#§.§§§....
##..##§☼§§§####
#...§K☼§§☼§####.####
#..g.§####☼§.........
g..... #..#########


You could see a gnoll shaman, 2 gnolls and a kobold.

Vanquished Creatures
  Sigmund (D:6)
  A steam dragon (D:6)
  Menkaure (D:4)
  Blork the orc (D:4)
  2 necrophages
  5 hounds
  A jelly (D:5)
  An orc priest (D:4)
  2 iguanas (D:5)
  An orc wizard (D:4)
  2 gnolls (D:6)
  7 adders
  2 ufetubi (D:5)
  7 dart slugs
  8 orcs (D:4)
  8 bats
  11 endoplasms
  3 giant cockroaches
  7 hobgoblins
  3 jackals (D:4)
  4 quokkas
  6 ball pythons
  2 frilled lizards (D:1)
  10 goblins
  9 kobolds
  7 rats
112 creatures vanquished.

Notes
Turn   | Place    | Note
-------+----------+-------------------------------------------
     0 | D:5      | Reached skill level 9 in Stealth
     0 | D:5      | croobank the Gnoll Delver began the quest for the Orb.
     0 | D:5      | Reached XP level 1. HP: 23/23 MP: 1/1
    64 | D:4      | Noticed Blork the orc
    85 | D:4      | Noticed an orc priest
    86 | D:4      | Noticed an orc wizard
    96 | D:4      | Noticed a necrophage
    96 | D:4      | Noticed a hound
   156 | D:2      | Reached XP level 2. HP: 28/29 MP: 2/2
   173 | D:2      | Reached XP level 3. HP: 31/35 MP: 3/3
   502 | D:2      | Reached skill level 1 in Invocations
   633 | D:1      | Reached skill level 1 in Short Blades
   633 | D:1      | Reached skill level 1 in Long Blades
   633 | D:1      | Reached skill level 1 in Maces & Flails
   633 | D:1      | Reached skill level 1 in Polearms
   633 | D:1      | Reached skill level 1 in Staves
   633 | D:1      | Reached skill level 1 in Slings
   633 | D:1      | Reached skill level 1 in Bows
   633 | D:1      | Reached skill level 1 in Crossbows
   633 | D:1      | Reached skill level 1 in Throwing
   633 | D:1      | Reached skill level 1 in Armour
   633 | D:1      | Reached skill level 1 in Shields
   633 | D:1      | Reached skill level 1 in Unarmed Combat
   633 | D:1      | Reached skill level 1 in Spellcasting
   633 | D:1      | Reached skill level 1 in Evocations
   786 | D:1      | Reached XP level 4. HP: 36/41 MP: 5/5
  2054 | D:2      | Reached skill level 1 in Conjurations
  2054 | D:2      | Reached skill level 1 in Hexes
  2054 | D:2      | Reached skill level 1 in Summonings
  2054 | D:2      | Reached skill level 1 in Necromancy
  2054 | D:2      | Reached skill level 1 in Translocations
  2054 | D:2      | Reached skill level 1 in Transmutations
  2054 | D:2      | Reached skill level 1 in Fire Magic
  2054 | D:2      | Reached skill level 1 in Ice Magic
  2054 | D:2      | Reached skill level 1 in Air Magic
  2054 | D:2      | Reached skill level 1 in Earth Magic
  2054 | D:2      | Reached skill level 1 in Poison Magic
  2056 | D:2      | Found a faded altar of an unknown god.
  2215 | D:3      | Found a shimmering blue altar of Sif Muna.
  2866 | D:4      | Reached XP level 5. HP: 37/47 MP: 5/7
  3322 | D:4      | Found a bloodstained altar of Trog.
  3345 | D:4      | Reached XP level 6. HP: 40/53 MP: 8/8
  3495 | D:4      | Killed Blork the orc
  3496 | D:4      | Reached skill level 5 in Axes
  3496 | D:4      | Reached skill level 5 in Dodging
  3526 | D:4      | Noticed Menkaure
  3538 | D:4      | Killed Menkaure
  3544 | D:4      | Reached XP level 7. HP: 21/59 MP: 8/10
  4275 | D:5      | Found a sacrificial altar of Ru.
  4404 | D:5      | Reached skill level 10 in Stealth
  4677 | D:5      | Identified the +8 falchion "Bamaofas" {freeze, rElec rCorr
                  | Dex-5 Stlth+}
  4738 | D:6      | Found a hide-covered altar of Uskayaw.
  4738 | D:6      | Found an iron altar of Okawaru.
  4738 | D:6      | Noticed Sigmund
  4757 | D:6      | Killed Sigmund
  4758 | D:6      | Reached XP level 8. HP: 56/67 MP: 12/12
  4843 | D:6      | Identified a scroll of acquirement
  4843 | D:6      | Acquired the +8 mithril axe "Arga" {speed, Will+}
  4843 | D:6      | Found the +8 mithril axe "Arga" {speed, Will+}
  4844 | D:6      | HP: 4/100 [gnoll/+1 vorpal halberd[a gnoll shaman] (6)]
  4844 | D:6      | Slain by a gnoll shaman

Illustrated notes

Levels and vault maps discovered:
D:1:      wander_arrival_peaceful_grave, layout_basic, st_stairs_5,
          minmay_tetromino_l4
D:2:      layout_basic, dilly_ecumenical_altar_fadedgnrine
D:3:      layout_loops_cross, old_standard_altar
D:4:      layout_rooms, mainiacjoe_overflow_alcove_4, uniq_menkaure,
          uniq_blork_the_orc
D:5:      layout_loops_corners, lemuel_doored_altar
D:6:      layout_loops_ring, chequers_temple_overflow_statue_of_worship,
          minmay_temple_entry_butterflies, serial_shops, nicolae_stop_n_shop_1,
          hangedman_decor_growths, hex_tiny, chequers_serial_rivers_marsh,
          uniq_sigmund

Skill      XL: |  1  2  3  4  5  6  7 |
---------------+----------------------+-----
Stealth        | 10 | 10.1
Invocations    | 1 2 3 |  3.4
Short Blades   | 1 2 3 |  3.1
Long Blades    | 1 2 3 |  3.1
Maces & Flails | 1 2 3 |  3.1
Polearms       | 1 2 3 |  3.1
Staves         | 1 2 3 |  3.1
Slings         | 1 2 3 |  3.1
Bows           | 1 2 3 |  3.1
Crossbows      | 1 2 3 |  3.1
Throwing       | 1 2 3 |  3.1
Armour         | 1 2 3 |  3.1
Shields        | 1 2 3 |  3.1
Unarmed Combat | 1 2 3 |  3.1
Spellcasting   | 1 2 3 |  3.1
Evocations     | 1 2 3 |  3.1
Conjurations   | 1 2 |  2.5
Hexes          | 1 2 |  2.5
Summonings     | 1 2 |  2.5
Necromancy     | 1 2 |  2.5
Translocations | 1 2 |  2.5
Transmutations | 1 2 |  2.5
Fire Magic     | 1 2 |  2.5
Ice Magic      | 1 2 |  2.5
Air Magic      | 1 2 |  2.5
Earth Magic    | 1 2 |  2.5
Poison Magic   | 1 2 |  2.5
Axes           | 5 |  5.6
Dodging        | 5 |  5.6
Fighting       | 7 |  7.3

Action                   |  1- 3 |  4- 6 |  7- 9 || total
-------------------------+-------+-------+-------++-------
Melee: War axe           |    47 |    35 |    38 ||   120
       Short sword       |    10 |       |       ||    10
       Bite              |     3 |    23 |     5 ||    31
       Dagger            |     2 |   194 |     3 ||   199
       Punch             |       |     1 |       ||     1
       Falchion          |       |       |    29 ||    29
  Use: Scroll            |     2 |    14 |     4 ||    20
       Potion            |     1 |     3 |     5 ||     9
 Stab: Sleeping          |     6 |    11 |     3 ||    20
       Distracted        |       |     1 |       ||     1
       Invisible         |       |     4 |       ||     4
Armor: Leather armour    |    22 |    76 |    29 ||   127
       Skin              |       |       |     9 ||     9
Dodge: Dodged            |    47 |   131 |    48 ||   226
Block: Buckler           |       |     9 |    26 ||    35

Table legend: (Time is in decaauts)
 A = Elapsed time spent in this place.
 B = Non-inter-level travel time spent in this place.
 C = Inter-level travel time spent in this place.
 D = Time resting spent in this place.
 E = Time spent auto-exploring this place.
 F = Levels seen in this place.
 G = Mean time per level.
                   A        B        C        D        E       F      G
               +--------+--------+--------+--------+--------+-----+--------+
         Total |   4827 |   4595 |    232 |    470 |   3043 |   6 |  804.5 |
       Dungeon |   4827 |   4595 |    232 |    470 |   3043 |   6 |  804.5 |
               +--------+--------+--------+--------+--------+-----+--------+

Top non-repeatable levels by time:
     D:1: 1196 daAuts
     D:4: 1037 daAuts
     D:5: 954 daAuts
     D:2: 795 daAuts
     D:3: 727 daAuts
     D:6: 115 daAuts
